 Dungeon Crawl Stone Soup version 0.27-a0-1193-g8631133539 (webtiles) character file.

Game seed: 1830305724041201690

691 senseless the Ducker (level 7, 0/60 HPs)
             Began as a Gnoll Monk on May 26, 2021.
             Was an Elder of Qazlal.
             Slain by Edmund
             ... wielding a +3 flail of venom
              (3 damage)
             ... on level 5 of the Dungeon.
             The game lasted 00:08:37 (4684 turns).

senseless the Ducker (Gnoll Monk)                   Turns: 4684, Time: 00:08:38

Health: 0/60       AC:  7    Str: 12    XL:     7   Next: 63%
Magic:  10/10      EV: 15    Int: 10    God:    Qazlal [****..]
Gold:   173        SH:  5    Dex: 14    Spells: 11/11 levels left

rFire    . . .     SeeInvis +   m - +2 war axe
rCold    . . .     Faith    .   (no shield)
rNeg     . . .     Spirit   .   b - +0 robe
rPois    .         Reflect  .   r - +1 helmet
rElec    .         Harm     .   (no cloak)
rCorr    .         Rampage  .   (no gloves)
Will     .....                  f - +2 pair of boots
Stlth    ++........             (no amulet)
HPRegen  0.20/turn              g - ring of see invisible
MPRegen  0.12/turn              (no ring)

@: lethally poisoned (0 -> -26), repel missiles
A: fangs 1, strong nose, distributed training
a: Renounce Religion, Upheaval, Elemental Force


You were on level 5 of the Dungeon.
You worshipped Qazlal.
Qazlal was greatly pleased with you.
You visited 1 branch of the dungeon, and saw 5 of its levels.

You collected 173 gold pieces.

Inventory:

Hand Weapons
 a - a +0 hand axe
 m - a +2 war axe (weapon)
 u - a +1 short sword of speed
Missiles
 k - 4 atropa-tipped darts (quivered)
Armour
 b - a +0 robe (worn)
 f - a +2 pair of boots (worn)
 r - a +1 helmet (worn)
Magical Staves
 c - a staff of fire
Jewellery
 g - a ring of see invisible (left hand)
Wands
 j - a wand of flame (23)
Scrolls
 e - a scroll of holy word
 h - a scroll of teleportation
 n - a scroll of magic mapping
 o - a scroll of amnesia
Potions
 d - a potion of brilliance
 l - 2 potions of haste
 p - a potion of mutation {unknown}
 q - a potion of magic {unknown}
 v - a potion of lignification {unknown}


   Skills:
 + Level 7.1 Fighting
 + Level 2.6 Short Blades
 + Level 2.6 Long Blades
 + Level 7.1 Axes
 + Level 2.6 Maces & Flails
 + Level 2.6 Polearms
 + Level 2.6 Staves
 + Level 2.6 Slings
 + Level 2.6 Bows
 + Level 2.6 Crossbows
 + Level 2.6 Throwing
 + Level 2.6 Armour
 + Level 7.1 Dodging
 + Level 5.0 Stealth
 + Level 2.6 Shields
 + Level 2.6 Unarmed Combat
 + Level 2.6 Spellcasting
 + Level 2.1 Conjurations
 + Level 2.1 Hexes
 + Level 2.1 Summonings
 + Level 2.1 Necromancy
 + Level 2.1 Translocations
 + Level 2.1 Transmutations
 + Level 2.1 Fire Magic
 + Level 2.1 Ice Magic
 + Level 2.1 Air Magic
 + Level 2.1 Earth Magic
 + Level 2.1 Poison Magic
 + Level 2.9 Invocations
 + Level 2.6 Evocations


You had 11 spell levels left.
You didn't know any spells.
Your spell library contained the following spells:

 Spells                   Type           Power      Damage    Failure   Level
 Foxfire                  Conj/Fire      20%        2x1d5     12%         1
 Cause Fear               Hex            2%         N/A       77%         4
 Dragon Form              Tmut           2%         N/A       100%        7
 Dragon's Call            Summ           2%         N/A       100%        9


Dungeon Overview and Level Annotations

Branches:
Dungeon (5/15)
 Temple: D:4-7

Altars:
Ashenzari
Cheibriados
Dithmenos
Fedhas
Gozag
Okawaru
Qazlal
Trog
Vehumet

Annotations:
D:5 Blork the orc, Edmund


Innate Abilities, Weirdness & Mutations

You have very sharp teeth.
Your uncanny sense of smell can sniff out nearby items.
Your experience applies equally to all skills.


Message History

Edmund is moderately wounded.
Edmund barely misses you.
You hit Edmund but do no damage.
Edmund is moderately wounded.
You block Edmund's attack.
You slash Edmund!
Edmund is heavily wounded.
Edmund hits you with a +3 flail of venom.
You are poisoned.
You slash Edmund!
Edmund is severely wounded.
You feel very sick.
Edmund gestures with his flail.
Edmund hits you with a +3 flail of venom!
Edmund hits you with a +3 flail of venom.
You are more poisoned.
You hit Edmund. You bite Edmund, but do no damage.
Edmund is almost dead.
You feel very sick. Edmund hits you but does no damage.
You are more poisoned.
You are too injured to fight recklessly!
You barely miss Edmund.
Edmund is almost dead.
You feel very sick.
Edmund hits you with a +3 flail of venom.
You are lethally poisoned!
You hit Edmund.
Edmund is almost dead.
* * * LOW HITPOINT WARNING * * *
You feel extremely sick.
Blork the orc comes into view.
He is wielding a +0 flail.
Edmund hits you with a +3 flail of venom.
* * * LOW HITPOINT WARNING * * *
You are more poisoned.
It was a potion of cancellation.
You feel magically purged.
* * * LOW HITPOINT WARNING * * *
You feel extremely sick.
Edmund hits you with a +3 flail of venom.
You die...

#..# #.. #..
... #o#
≈≈#..[#.#
≈#...#@#
#...#@#
...#.#
..#.######
#.#.##...####
∆
#>#.##......#
∆ #........#
#.#####.##
#.# #.# #.
#<#


You could see Edmund and Blork the orc.

Vanquished Creatures
  Sigmund (D:4)
  The ghost of ma3 the Slasher, an amateur TeBe of Trog (D:4)
  2 scorpions (D:4)
  2 bullfrog zombies (D:4)
  2 centaur skeletons (D:4)
  Ijyb (D:3)
  Terence (D:2)
  A hound zombie (D:5)
  A howler monkey skeleton (D:4)
  3 adders
  2 worms (D:3)
  2 dart slugs
  3 orcs (D:3)
  5 endoplasms
  2 giant cockroaches
  10 goblins
  3 hobgoblins
  12 jackals
  A quokka (D:1)
  5 ball pythons
  2 bats
  7 frilled lizards
  5 kobolds
  3 rats
77 creatures vanquished.

Vanquished Creatures (others)
  4 fungi (D:5)
4 creatures vanquished.

Grand Total: 81 creatures vanquished

Notes
Turn   | Place    | Note
-------+----------+-------------------------------------------
     0 | D:1      | senseless the Gnoll Monk began the quest for the Orb.
     0 | D:1      | Reached XP level 1. HP: 23/23 MP: 1/1
    66 | D:1      | Found a faded altar of an unknown god.
    74 | D:1      | Became a worshipper of Qazlal Stormbringer
    74 | D:1      | Reached * piety under Qazlal
    74 | D:1      | Reached ** piety under Qazlal
   201 | D:1      | Reached XP level 2. HP: 16/29 MP: 2/2
   532 | D:1      | Reached *** piety under Qazlal
  1151 | D:2      | Noticed Terence
  1178 | D:2      | Killed Terence
  1179 | D:2      | Reached skill level 1 in Invocations
  1179 | D:2      | Reached XP level 3. HP: 3/35 MP: 2/4
  1663 | D:2      | Reached skill level 1 in Short Blades
  1663 | D:2      | Reached skill level 1 in Long Blades
  1663 | D:2      | Reached skill level 1 in Maces & Flails
  1663 | D:2      | Reached skill level 1 in Polearms
  1663 | D:2      | Reached skill level 1 in Staves
  1663 | D:2      | Reached skill level 1 in Slings
  1663 | D:2      | Reached skill level 1 in Bows
  1663 | D:2      | Reached skill level 1 in Crossbows
  1663 | D:2      | Reached skill level 1 in Throwing
  1663 | D:2      | Reached skill level 1 in Armour
  1663 | D:2      | Reached skill level 1 in Shields
  1663 | D:2      | Reached skill level 1 in Unarmed Combat
  1663 | D:2      | Reached skill level 1 in Spellcasting
  1663 | D:2      | Reached skill level 1 in Evocations
  1815 | D:2      | Reached XP level 4. HP: 40/41 MP: 5/5
  2455 | D:3      | Found a bloodstained altar of Trog.
  2456 | D:3      | Found a broken altar of Ashenzari.
  2459 | D:3      | Found an opulent altar of Gozag.
  2459 | D:3      | Found a shadowy altar of Dithmenos.
  2461 | D:3      | Found an iron altar of Okawaru.
  2461 | D:3      | Found a blossoming altar of Fedhas.
  2462 | D:3      | Found a snail-covered altar of Cheibriados.
  2553 | D:3      | Noticed Ijyb
  2557 | D:3      | Paralysed by Ijyb for 7 turns
  2576 | D:3      | Paralysed by Ijyb for 3 turns
  2591 | D:3      | Killed Ijyb
  2592 | D:3      | Reached skill level 1 in Conjurations
  2592 | D:3      | Reached skill level 1 in Hexes
  2592 | D:3      | Reached skill level 1 in Summonings
  2592 | D:3      | Reached skill level 1 in Necromancy
  2592 | D:3      | Reached skill level 1 in Translocations
  2592 | D:3      | Reached skill level 1 in Transmutations
  2592 | D:3      | Reached skill level 1 in Fire Magic
  2592 | D:3      | Reached skill level 1 in Ice Magic
  2592 | D:3      | Reached skill level 1 in Air Magic
  2592 | D:3      | Reached skill level 1 in Earth Magic
  2592 | D:3      | Reached skill level 1 in Poison Magic
  2797 | D:3      | Reached XP level 5. HP: 46/47 MP: 6/6
  2951 | D:3      | Found a radiant altar of Vehumet.
  2955 | D:3      | Reached **** piety under Qazlal
  3664 | D:4      | Noticed Sigmund
  3669 | D:4      | Reached XP level 6. HP: 48/53 MP: 8/8
  3679 | D:4      | Killed Sigmund
  4063 | D:4      | Reached XP level 7. HP: 50/59 MP: 10/10
  4443 | D:4      | Found a runed translucent gate.
  4444 | D:4      | Found a runed translucent gate.
  4445 | D:4      | Found a runed translucent gate.
  4449 | D:4      | Noticed ma3's ghost (amateur TeBe)
  4465 | D:4      | Killed ma3's ghost
  4476 | D:4      | Reached skill level 5 in Stealth
  4651 | D:5      | Entered Level 5 of the Dungeon
  4670 | D:5      | Noticed Edmund
  4683 | D:5      | Noticed Blork the orc
  4684 | D:5      | HP: 3/60 [poisoned by Edmund]
  4684 | D:5      | Slain by Edmund

Illustrated notes

Levels and vault maps discovered:
D:1:      dpeg_arrival_more_subterranean_lakeside_camping, layout_basic,
          basic_ecumenical_altar
D:2:      layout_rooms, serial_glass, glass_columns_a, glass_columns_a,
          minmay_pentomino_s4, uniq_terence
D:3:      layout_loops_corners, nicolae_vehumet_altar_sigil,
          grunt_temple_overflow_open, chequers_serial_rivers_micro_a,
          eino_tiny_chamber, uniq_ijyb
D:4:      layout_basic, gammafunk_ghost_necromancy, chequers_garden,
          uniq_sigmund
D:5:      layout_loops_ring, gammafunk_ghost_necromancy, serial_shops, shop,
          serial_aquarium, aquarium_bridge_long_joined [aquarium_subvault_wall,
          aquarium_subvault_balcony, aquarium_subvault_bridge,
          aquarium_subvault_bridge, aquarium_subvault_window,
          aquarium_subvault_balcony], aquarium_bridge_straight
          [aquarium_subvault_bridge, aquarium_subvault_wall,
          aquarium_subvault_bridge, aquarium_subvault_window],
          aquarium_window_corridor_1, aquarium_window_1, aquarium_window_fake,
          aquarium_view_2c, aquarium_view_2c, aquarium_balcony_5a,
          aquarium_pool_2, uniq_pikel, uniq_edmund, uniq_blork_the_orc,
          uniq_duvessa

Skill      XL: |  1  2  3  4  5  6  7 |
---------------+----------------------+-----
Invocations    | 1 2 |  2.9
Short Blades   | 1 2 |  2.6
Long Blades    | 1 2 |  2.6
Maces & Flails | 1 2 |  2.6
Polearms       | 1 2 |  2.6
Staves         | 1 2 |  2.6
Slings         | 1 2 |  2.6
Bows           | 1 2 |  2.6
Crossbows      | 1 2 |  2.6
Throwing       | 1 2 |  2.6
Armour         | 1 2 |  2.6
Shields        | 1 2 |  2.6
Unarmed Combat | 1 2 |  2.6
Spellcasting   | 1 2 |  2.6
Evocations     | 1 2 |  2.6
Conjurations   | 1 2 |  2.1
Hexes          | 1 2 |  2.1
Summonings     | 1 2 |  2.1
Necromancy     | 1 2 |  2.1
Translocations | 1 2 |  2.1
Transmutations | 1 2 |  2.1
Fire Magic     | 1 2 |  2.1
Ice Magic      | 1 2 |  2.1
Air Magic      | 1 2 |  2.1
Earth Magic    | 1 2 |  2.1
Poison Magic   | 1 2 |  2.1
Fighting       | 7 |  7.1
Axes           | 7 |  7.1
Dodging        | 7 |  7.1
Stealth        | 5 |  5.0

Action                   |  1- 3 |  4- 6 |  7- 9 || total
-------------------------+-------+-------+-------++-------
Melee: Hand axe          |    97 |   130 |       ||   227
       Bite              |    11 |    13 |     7 ||    31
       War axe           |       |    21 |    40 ||    61
       Punch             |       |     1 |     1 ||     2
  Use: Scroll            |     2 |     9 |     8 ||    19
       Potion            |     1 |     1 |     1 ||     3
 Stab: Invisible         |     1 |       |       ||     1
Armor: Robe              |    11 |    25 |    12 ||    48
Dodge: Dodged            |    49 |    80 |    42 ||   171
Block: Other             |    14 |    21 |     9 ||    44

Table legend: (Time is in decaauts)
 A = Elapsed time spent in this place.
 B = Non-inter-level travel time spent in this place.
 C = Inter-level travel time spent in this place.
 D = Time resting spent in this place.
 E = Time spent auto-exploring this place.
 F = Levels seen in this place.
 G = Mean time per level.
                   A        B        C        D        E       F      G
               +--------+--------+--------+--------+--------+-----+--------+
         Total |   4687 |   4486 |    201 |    434 |   3484 |   5 |  937.4 |
       Dungeon |   4687 |   4486 |    201 |    434 |   3484 |   5 |  937.4 |
               +--------+--------+--------+--------+--------+-----+--------+

Top non-repeatable levels by time:
     D:3: 1448 daAuts
     D:1: 1392 daAuts
     D:4: 1005 daAuts
     D:2: 805 daAuts
     D:5: 35 daAuts
